 Dungeon Crawl Stone Soup version 0.31-a0-354-g827e0957a7 (webtiles) character file.

Game seed: 16744572617942257639

1661 avis the Grappler (level 9, -1/74 HPs)
             Began as a Hill Orc Shapeshifter on July 23, 2023.
             Was an Initiate of Beogh.
             Slain by an orc warrior
             ... wielding a +0 halberd
              (9 damage)
             ... in a bailey.
             The game lasted 00:42:43 (6689 turns).

avis the Grappler (Hill Orc Shapeshifter)           Turns: 6689, Time: 00:42:44

Health: -1/74      AC: 10    Str: 22    XL:     9   Next: 0%
Magic:  12/14      EV:  6    Int:  8    God:    Beogh [......]
Gold:   126        SH:  0    Dex: 11    Spells: 8/8 levels left

rFire   . .          .
                       - Unarmed
rCold   . . .        (no shield)
rNeg    . . .        y - +0 plate armour
rPois   +            (helmet currently unavailable)
rElec   .            (cloak currently unavailable)
rCorr   .            (gloves currently unavailable)
SInv    .            (boots currently unavailable)
Will    .....        (no amulet) Stlth
                     d - +4 ring of slaying
HPRegen 0.32/turn    u - ring of poison resistance
MPRegen 0.14/turn

%: no passive effects
@: beast-form
A: beast (slay +2)
a: Begin Untransformation, Renounce Religion


You were in a bailey.
You worshipped Beogh.
Beogh was noncommittal.
You were a hulking beast.
You visited 2 branches of the dungeon, and saw 8 of its levels.
You also visited: Bailey.

You collected 499 gold pieces.
You spent 373 gold pieces at shops.

Inventory:

Hand Weapons
 a - the +1 spear of the New World {venom, rC- rN+ Dex+3}
   (You found it on level 7 of the Dungeon)

   Dex:       It affects your dexterity (+3).
   rC:        It makes you vulnerable to cold.
   rN:        It protects you from negative energy.
 b - a +0 trident
 e - a +0 spear
 f - a +0 trident
 D - a +4 halberd
 G - a +0 spear
 H - a +0 halberd
Missiles
 o - 25 poisoned darts
 v - 6 curare-tipped darts
 B - a throwing net
Armour
 y - a +0 plate armour (worn)
Jewellery
 d - a +4 ring of slaying (left hand)
 p - a ring of see invisible
 u - a ring of poison resistance (right hand)
Talismans
 c - a beast talisman
Wands
 n - a wand of flame (27)
 z - a wand of light (6)
Scrolls
 g - a scroll of brand weapon {unknown}
 h - a scroll of poison {unknown}
 i - a scroll of enchant weapon {unknown}
 j - 2 scrolls of fear
 k - a scroll of silence {unknown}
 l - 5 scrolls of teleportation
 q - 2 scrolls of immolation {unknown}
 r - 2 scrolls of blinking
 s - a scroll of noise {unknown}
 t - 2 scrolls of torment {unknown}
 w - a scroll of acquirement {unknown}
 F - a scroll of revelation
 I - 2 scrolls of fog
Potions
 m - 2 potions of might
 x - 2 potions of heal wounds
 A - a potion of cancellation {unknown}
 C - 2 potions of curing
 E - a potion of berserk rage


   Skills:
 - Level 5.0 Fighting
 - Level 2.0 Dodging
 - Level 9.0 Unarmed Combat
 * Level 7.1 Invocations
 - Level 4.0 Shapeshifting


You had 8 spell levels left.
You didn't know any spells.
Your spell library contained the following spells:

 Spells                   Type           Power      Damage    Failure   Level
 Apportation              Tloc           0%         N/A       100%        1
 Necrotise                Necr           0%         1d4       100%        1
 Summon Small Mammal      Summ           0%         N/A       100%        1
 Frozen Ramparts          Ice            0%         1d1       100%        3
 Petrify                  Tmut/Erth      0%         N/A       100%        4
 Metabolic Englaciation   Hex/Ice        0%         N/A       100%        5


Dungeon Overview and Level Annotations

Branches:
Dungeon (7/15)             Temple (1/1) D:5          Bailey (1/1)

Altars:
Ashenzari
Cheibriados
Dithmenos
Elyvilon
Fedhas
Gozag
Hepliaklqana
Kikubaaqudgha
Makhleb
Nemelex Xobeh
Okawaru
Qazlal
Ru
Sif Muna
Trog
Uskayaw
Vehumet
Wu Jian
Xom
Yredelemnul
The Shining One

Shops:
D:2 (   D:3 :   D:5 !   D:6 ?[(**


Message History

Beogh accepts your kill.
The bolt of light hits the orc warrior!
The orc warrior is moderately wounded.
The orc warrior is blinded.
The bolt of light hits the orc!
You kill the orc!
Beogh accepts your kill.
Your Invocations skill increases to level 6!
Okay, then.
Okay, then.
You are too injured to fight recklessly!
Okay, then.
The +1 spear of the New World {venom, rC- rN+ Dex+3} stops dripping with poison.
b - a +0 trident (weapon)
The orc warrior closely misses you.
You are now empty-handed.
The orc warrior hits you with a +0 halberd.
There is an open door here.
You strike the helpless orc warrior from behind!
You punch the orc warrior!
The orc warrior is severely wounded.
The orc warrior hits you from afar with a +0 halberd!
* * * LOW HITPOINT WARNING * * *
The orc warrior hits you but does no damage.
You punch the orc warrior!
You kill the orc warrior!
Beogh accepts your kill. The orc warrior barely misses you.
Your Invocations skill increases to level 7!
You have reached level 9!
Your experience leads to an increase in your attributes!
Increase (S)trength, (I)ntelligence, or (D)exterity?
You feel stronger. x2
The orc warrior hits you with a +0 halberd!
* * * LOW HITPOINT WARNING * * *
Items here: )) [[.
You hit the orc warrior. Your punch misses the orc warrior.
The orc warrior is lightly wounded.
The orc warrior hits you with a +0 halberd!
You die...
Beogh appreciates the orc warrior's killing of a heretic priest.

############ ###
##.∩........## ...o
#......#.....###### ....
#.....###....#....#..##..
#∩.....8.....'ho.))..8...
#.....###....#....#..##..
#.....)#[....###### ....
##.∩...[[÷..## ....
############ ###


You could see an orc warrior.

Vanquished Creatures
  Joseph (D:7)
  3 orc warriors
  A black bear (D:5)
  An ogre (D:5)
  A phantom (D:4)
  4 wights (D:7)
  A scorpion (D:4)
  A jelly (D:5)
  A gnoll bouda (D:5)
  A hound (D:5)
  2 sleepcaps
  An iguana (D:5)
  2 orc wizards (D:6)
  16 gnolls
  4 adders
  A shadow imp (D:6)
  An ufetubus (D:5)
  3 worms
  2 dart slugs (D:1)
  28 orcs
  7 endoplasms
  5 giant cockroaches
  4 goblins
  8 hobgoblins
  7 jackals
  5 kobolds
  6 quokkas
  7 ball pythons
  5 bats
  A frilled lizard (D:2)
  7 rats
137 creatures vanquished.

Vanquished Creatures (others)
  An orc (D:6)
1 creature vanquished.

Grand Total: 138 creatures vanquished

Notes
Turn   | Place    | Note
-------+----------+-------------------------------------------
     0 | D:1      | avis the Hill Orc Shapeshifter began the quest for the Orb.
     0 | D:1      | Reached XP level 1. HP: 16/16 MP: 1/1
   119 | D:1      | Reached XP level 2. HP: 23/24 MP: 2/2
   331 | D:1      | Reached skill level 4 in Unarmed Combat
   477 | D:1      | Reached XP level 3. HP: 30/30 MP: 3/3
   999 | D:2      | Found Qiunkidi's Weapon Boutique.
  1137 | D:2      | You fall into a shaft and drop 2 floors!
  1152 | D:3      | Found a blossoming altar of Fedhas.
  1156 | D:3      | Found Igutwuu's Vocational Training.
  1432 | D:2      | Reached XP level 4. HP: 38/38 MP: 4/4
  2312 | D:3      | Reached skill level 5 in Unarmed Combat
  2540 | D:3      | Reached XP level 5. HP: 45/45 MP: 5/5
  3050 | D:4      | Noticed a phantom
  3056 | D:4      | Killed a phantom
  3057 | D:4      | Reached XP level 6. HP: 47/52 MP: 6/6
  3219 | D:4      | Reached skill level 6 in Unarmed Combat
  3689 | D:5      | Entered Level 5 of the Dungeon
  3872 | D:5      | Found Odorch's Distillery.
  3898 | D:5      | Found a staircase to the Ecumenical Temple.
  3962 | Temple   | Entered the Ecumenical Temple
  3997 | D:5      | Noticed a black bear
  4002 | D:5      | Killed a black bear
  4003 | D:5      | Reached skill level 7 in Unarmed Combat
  4003 | D:5      | Reached XP level 7. HP: 59/59 MP: 7/7
  5197 | D:6      | HP: 1/59 [orc warrior/+0 glaive (19)]
  5201 | D:6      | Reached skill level 8 in Unarmed Combat
  5342 | D:6      | Found Hecvewk's Magic Scroll Emporium.
  5354 | D:6      | Found Ziatzud's Weapon Shoppe.
  5356 | D:6      | Found Woil's Armour Shoppe.
  5362 | D:6      | Reached XP level 8. HP: 67/67 MP: 8/8
  5363 | D:6      | Found Ferphen's General Store.
  5367 | D:6      | Found Cenkiok's Assorted Antiques.
  5489 | D:6      | Reached skill level 5 in Fighting
  5562 | D:6      | Became a worshipper of Beogh the Brigand
  5737 | D:6      | Found a stormy altar of Qazlal.
  6009 | D:5      | Bought a potion of curing for 36 gold pieces
  6038 | D:6      | Bought a scroll of teleportation for 39 gold pieces
  6038 | D:6      | Bought a scroll of revelation for 97 gold pieces
  6038 | D:6      | Bought a scroll of blinking for 97 gold pieces
  6038 | D:6      | Bought a scroll of fog for 52 gold pieces
  6038 | D:6      | Bought a scroll of identify for 26 gold pieces
  6038 | D:6      | Bought a scroll of identify for 26 gold pieces
  6195 | D:7      | Reached skill level 9 in Unarmed Combat
  6195 | D:7      | Reached skill level 1 in Invocations
  6257 | D:7      | Found a flagged portal.
  6258 | D:7      | Noticed Joseph
  6298 | D:7      | Killed Joseph
  6299 | D:7      | Reached skill level 5 in Invocations
  6320 | D:7      | Identified the +1 spear of the New World {venom, rC- rN+
                  | Dex+3}
  6330 | Bailey   | Entered a bailey
  6688 | Bailey   | Reached XP level 9. HP: 15/74 MP: 12/14
  6689 | Bailey   | Slain by an orc warrior

Illustrated notes

Levels and vault maps discovered:
D:1:      dpeg_arrival_pits, layout_basic
D:2:      layout_loops_cross, serial_shops, nicolae_square_shop,
          kennysheep_generic_room_13
D:3:      layout_basic, fedhas_altar_1, nicolae_shop_vocational
D:4:      layout_basic, minmay_crystal_room
D:5:      layout_basic, temple_statues, serial_shops, nicolae_shop_tiny_glass
D:6:      layout_rooms, lemuel_tele_altar, serial_shops,
          nicolae_shop_rolling_square, minmay_shop_grid_forest
D:7:      layout_basic, enter_bailey_2, glass_columns_b, uniq_maggie,
          uniq_joseph
Temple:   hellmonk_temple_of_storms
Bailey:   bailey_polearm_5, bailey

Skill      XL: |  1  2  3  4  5  6  7  8 |
---------------+-------------------------+-----
Fighting       | 2 3 4 5 |  5.0
Unarmed Combat | 4 5 7 8 9 |  9.0
Shapeshifting  | 3 4 |  4.0
Dodging        | 2 |  2.0
Invocations    | 7 |  7.1

Action                     |  1- 3 |  4- 6 |  7- 9 || total
---------------------------+-------+-------+-------++-------
  Melee: Unarmed           |    78 |   138 |   117 ||   333
         Punch             |     1 |     4 |     5 ||    10
         Spear             |       |       |    26 ||    26
 Invoke: Convert to Beogh  |       |       |     1 ||     1
  Evoke: Wand              |       |       |     8 ||     8
    Use: Scroll            |       |     3 |     3 ||     6
         Potion            |       |       |     2 ||     2
   Stab: Invisible         |       |       |     2 ||     2
 Armour: Animal skin       |     1 |       |       ||     1
         Ring mail         |    26 |    15 |       ||    41
         Plate armour      |       |    24 |    48 ||    72
         Skin              |       |       |     1 ||     1
  Dodge: Dodged            |    36 |    56 |    30 ||   122

Table legend: (Time is in decaauts)
 A = Elapsed time spent in this place.
 B = Non-inter-level travel time spent in this place.
 C = Inter-level travel time spent in this place.
 D = Time resting spent in this place.
 E = Time spent auto-exploring this place.
 F = Levels seen in this place.
 G = Mean time per level.
                   A        B        C        D        E       F      G
               +--------+--------+--------+--------+--------+-----+--------+
         Total |   6662 |   5971 |    691 |   1205 |   3363 |   9 |  740.2 |
       Dungeon |   6281 |   5592 |    689 |    934 |   3363 |   7 |  897.3 |
        Temple |     22 |     21 |      1 |      0 |      0 |   1 |   22.0 |
        Bailey |    357 |    357 |      0 |    271 |      0 |   1 |  357.0 |
               +--------+--------+--------+--------+--------+-----+--------+

Top non-repeatable levels by time:
     D:5: 1344 daAuts
     D:1: 1106 daAuts
     D:3: 1037 daAuts
     D:6: 889 daAuts
     D:4: 857 daAuts
     D:2: 852 daAuts
  Bailey: 357 daAuts
     D:7: 194 daAuts
  Temple: 22 daAuts
